 Dungeon Crawl Stone Soup version 0.25.1-2-g60ff931df9 (webtiles) character file.

Game seed: 11744141272843102855

1301 axecop the Poker (level 8, -3/66 HPs)
             Began as a Centaur Abyssal Knight on Oct 15, 2020.
             Was a Priest of Lugonu.
             Shot with an arrow by a centaur (4 damage)
             ... summoned by a boggart
             ... on level 6 of the Dungeon.
             The game lasted 00:08:34 (7000 turns).

axecop the Poker (Centaur Abyssal Knight)           Turns: 7000, Time: 00:08:35

Health: -3/66      AC:  6    Str: 18    XL:     8   Next: 31%
Magic:  10/10      EV:  9    Int: 11    God:    Lugonu [***...]
Gold:   344        SH:  0    Dex:  8    Spells: 7/7 levels left

rFire    + . .     SeeInvis .   a - +1 spear
rCold    . . .     Gourm    .   (no shield)
rNeg     . . .     Faith    .   C - +0 leather armour
rPois    .         Spirit   .   (no helmet)
rElec    .         Reflect  .   l - +1 cloak
rCorr    .         Harm     .   (no gloves)
MR       .....                  (no barding)
Stlth    ..........             (no amulet)
HPRegen  0.21/turn              o - ring of protection from fire
MPRegen  0.12/turn              (no ring)

@: very quick
A: large, hooves 3, deformed body, speed 2, tough skin 3
a: Depart the Abyss, Bend Space, Banish, Renounce Religion


You were on level 6 of the Dungeon.
You worshipped Lugonu.
Lugonu was most pleased with you.
You were not hungry.

You visited 1 branch of the dungeon, and saw 6 of its levels.
You visited the Abyss 1 time.

You collected 344 gold pieces.

Inventory:

Hand Weapons
 a - a +1 spear (weapon)
 b - a +1 shortbow
 A - a +2 dagger of pain
Missiles
 s - 33 bolts
 u - 4 boomerangs (quivered)
 D - 17 arrows
Armour
 f - a cursed -1 ring mail
 g - a +0 plate armour of cold resistance
 l - a +1 cloak (worn)
 C - a +0 leather armour (worn)
Jewellery
 o - a ring of protection from fire (left hand)
Wands
 e - a wand of polymorph (12)
 y - a wand of random effects (13)
Scrolls
 h - a scroll of fog
 p - 2 scrolls of fear
 q - 2 scrolls of immolation
 r - 6 scrolls of remove curse
 t - 2 scrolls of teleportation
 w - 2 scrolls of blinking
 B - 3 scrolls of identify
Potions
 d - 2 potions of magic {unknown}
 i - a potion of resistance {unknown}
 j - 2 potions of curing
 k - 3 potions of haste
 m - a potion of degeneration {unknown}
 n - a potion of stabbing
 v - 2 potions of mutation
 x - 2 potions of ambrosia {unknown}
 z - 4 potions of might {unknown}
Comestibles
 c - 7 rations
 E - a chunk of flesh


   Skills:
 + Level 4.2 Fighting
 + Level 7.7 Polearms
 + Level 2.9 Bows
 + Level 2.6 Armour
 - Level 0.6 Dodging
 + Level 3.8 Invocations


You had 7 spell levels left.
You didn't know any spells.
Your spell library contained the following spells:

 Spells                   Type           Power        Failure   Level  Hunger
 Magic Dart               Conj           #...         38%         1    ##.....
 Blink                    Tloc           N/A          54%         2    ###....
 Call Imp                 Summ           #.......     54%         2    ###....
 Slow                     Hex            #.......     54%         2    ###....
 Conjure Flame            Conj/Fire      #.......     77%         3    ####...
 Mephitic Cloud           Conj/Pois/Air  #.......     77%         3    ####...


Dungeon Overview and Level Annotations

Branches:
Dungeon (6/15)
 Temple: D:4-7

Altars:
Ashenzari
Cheibriados
Elyvilon
Kikubaaqudgha
Wu Jian
Yredelemnul


Innate Abilities, Weirdness & Mutations

You have hooves in place of feet.
Armour fits poorly on your strangely shaped body.
You cover ground very quickly.
You have extremely tough skin. (AC +3)


Message History

You hit something. Your kick misses something. The porcupine bites you.
The centaur shoots an arrow.
The arrow hits you!
The arrow dissolves into shadows!
Something hits you!
* * * LOW HITPOINT WARNING * * *
You miss something. The porcupine bites you.
* * * LOW HITPOINT WARNING * * *
The centaur shoots an arrow.
The arrow hits you.
* * * LOW HITPOINT WARNING * * *
The arrow dissolves into shadows!
Something hits you but does no damage.
Unknown command.
You feel better.
The centaur shoots an arrow.
The arrow hits you.
* * * LOW HITPOINT WARNING * * *
The arrow dissolves into shadows!
The porcupine twitches its whiskers.
The porcupine closely misses you. Something hits you.
* * * LOW HITPOINT WARNING * * *
Okay, then.
Press: ? - help, Shift-Dir - straight line, p - porcupine You fail to use your ability.
The centaur shoots an arrow.
The arrow hits you.
You die...

.. #.... #. #.#.# ###
#. ##.#.######.# #.
#..........)#
#.##........##.#
#.#.#......^#.÷..#
###.#..÷......#.####
#.............#.###
#.#.#....r@.#.#...# #
#....{..#.###.#######
#.###..c....#
#.#.....#
#.......#.###
#.#.....#
...##?...#.#
#.#.....# . #....#..
#.'.....#
#...)#####.###.....#
#..... #.........#
#.#...$ #####.....#


You could see a centaur (summoned) and a porcupine.

Vanquished Creatures
  Menkaure (D:5)
  A necrophage (D:6)
  A centaur (D:5)
  3 bullfrogs
  A howler monkey (D:3)
  2 crimson imps
  2 orc priests (D:4)
  A quasit (D:6)
  2 hounds (D:5)
  3 orc wizards
  Ijyb (D:5)
  Natasha (thrice) (D:3)
  An iguana (D:4)
  3 worker ants
  A hound skeleton (D:6)
  6 gnolls
  11 adders
  4 oozes
  5 worms
  2 dart slugs (D:1)
  3 leopard geckos
  10 orcs
  8 bats
  3 giant cockroaches
  6 goblins
  3 hobgoblins
  10 jackals
  2 quokkas
  2 ball pythons
  4 frilled lizards
  8 kobolds
  6 rats
119 creatures vanquished.

Notes
Turn   | Place    | Note
-------+----------+-------------------------------------------
     0 | Abyss:1  | axecop the Centaur Abyssal Knight began the quest for the
                  | Orb.
     0 | Abyss:1  | Reached XP level 1. HP: 19/19 MP: 2/2
    30 | Abyss:2  | Noticed a tentacled starspawn
    39 | D:1      | Escaped the Abyss
    92 | D:1      | Reached skill level 2 in Polearms
   286 | D:1      | Reached * piety under Lugonu
   286 | D:1      | Reached XP level 2. HP: 24/26 MP: 3/3
   907 | D:2      | Reached skill level 3 in Polearms
   919 | D:2      | Reached XP level 3. HP: 16/31 MP: 4/4
  1166 | D:2      | Reached skill level 4 in Polearms
  1166 | D:2      | Reached XP level 4. HP: 33/38 MP: 5/5
  1636 | D:2      | Found a white marble altar of Elyvilon.
  2207 | D:3      | Reached ** piety under Lugonu
  2207 | D:3      | Reached skill level 5 in Polearms
  2207 | D:3      | Reached XP level 5. HP: 31/45 MP: 6/6
  2367 | D:3      | Found an ancient bone altar of Kikubaaqudgha.
  2408 | D:3      | Noticed Natasha
  2489 | D:3      | Killed Natasha
  2501 | D:3      | Noticed Natasha
  2945 | D:3      | Killed Natasha
  2945 | D:3      | Reached XP level 6. HP: 43/51 MP: 7/7
  2966 | D:3      | Reached skill level 6 in Polearms
  3077 | D:3      | Noticed Natasha
  3086 | D:3      | Killed Natasha
  3961 | D:4      | Reached skill level 7 in Polearms
  4212 | D:4      | Reached XP level 7. HP: 41/57 MP: 8/8
  4707 | D:5      | Entered Level 5 of the Dungeon
  4744 | D:5      | Noticed Ijyb
  4770 | D:5      | Killed Ijyb
  4863 | D:5      | Reached *** piety under Lugonu
  5450 | D:5      | Noticed Menkaure
  5462 | D:5      | Killed Menkaure
  5462 | D:5      | Reached skill level 1 in Bows
  5862 | D:5      | Found an ornate altar of the Wu Jian Council.
  5862 | D:5      | Found a basalt altar of Yredelemnul.
  5863 | D:5      | Found a shattered altar of Ashenzari.
  5923 | D:5      | Found a snail-covered altar of Cheibriados.
  6423 | D:6      | Reached XP level 8. HP: 41/66 MP: 10/10
  6998 | D:6      | HP: 2/65 [centaur/arrow[a boggart] (6)]
  7000 | D:6      | Shot with an arrow by a centaur

Illustrated notes

Levels and vault maps discovered:
D:1:      elethiomel_arrival_shortcut, layout_loops_ring
D:2:      layout_loops_ring, elyvilon_altar_3, first_ration
D:3:      layout_rooms, overflow_temple_1_default,
          minmay_fractal_squares_gapless_5, uniq_natasha
D:4:      layout_rooms, chequers_serial_rivers_micro_d, roderic_serpentine_path
D:5:      layout_gridville, nicolae_overflow_quartered_altars, uniq_ijyb,
          uniq_menkaure
D:6:      layout_basic, uniq_crazy_yiuf_cottage

Skill      XL: |  1  2  3  4  5  6  7  8 |
---------------+-------------------------+-----
Polearms       | 2 3 4 5 7 |  7.7
Bows           | 2 |  2.9
Armour         | 2 |  2.6
Invocations    | 3 |  3.8
Fighting       | 4 |  4.2
Dodging        | |  0.6

Action                   |  1- 3 |  4- 6 |  7- 9 || total
-------------------------+-------+-------+-------++-------
Melee: Spear             |    78 |   297 |   212 ||   587
       Kick              |     7 |    48 |    31 ||    86
Throw: Boomerang         |       |     2 |     2 ||     4
Invok: Depart the Abyss  |     1 |       |       ||     1
       Bend Space        |       |       |     2 ||     2
Evoke: Wand              |       |     3 |    19 ||    22
  Use: Scroll            |     2 |     7 |     2 ||    11
       Potion            |     1 |     5 |     2 ||     8
  Eat: Chunk             |       |     9 |     8 ||    17
Armor: Leather armour    |    20 |    61 |    47 ||   128
       Skin              |       |       |    15 ||    15
Dodge: Dodged            |    27 |    74 |    80 ||   181
